 Dungeon Crawl Stone Soup version 0.29-a0-113-g078de9bc30 (webtiles) character file.

Game seed: 3345832607968618715

3921 Zeldest the Caller (level 10, -2/53 HPs)
             Began as a Vine Stalker Summoner on Feb 18, 2022.
             Was a Follower of Cheibriados.
             Slain by a centaur warrior (7 damage)
             ... on level 9 of the Dungeon.
             The game lasted 00:34:13 (3867 turns).

Zeldest the Caller (Vine Stalker Summoner)          Turns: 3867, Time: 00:34:14

Health: -2/53      AC:  6    Str: 14    XL:     10   Next: 20%
Magic:  0/20       EV: 12    Int: 22    God:    Cheibriados [*.....]
Gold:   253        SH:  0    Dex: 18    Spells: 11/21 levels left

rFire   . . .      SeeInvis .   a - +2 dagger (venom)
rCold   . . .      Faith    .   (no shield)
rNeg    . . .      Spirit   +   u - +0 robe
rPois   .          Reflect  .   (no helmet)
rElec   .          Harm     .   (no cloak)
rCorr   .          Rampage  .   (no gloves)
Will    +....                   (no boots)
Stlth   ++........              (no amulet)
HPRegen 0.97/turn               h - +4 ring of protection
MPRegen 0.17/turn               (no ring)

@: lethally poisoned (-2 -> -3), studying Slings, very slow
A: fangs 3, regeneration 1, magic shield, antimagic bite, no potion heal 2
a: Renounce Religion, Bend Time


You were on level 9 of the Dungeon.
You worshipped Cheibriados.
Cheibriados was aware of your devotion.
You visited 2 branches of the dungeon, and saw 10 of its levels.

You collected 368 gold pieces.
You spent 115 gold pieces at shops.

Inventory:

Hand Weapons
 a - a +2 dagger of venom (weapon)
 b - a +3 short sword of electrocution
 v - a +0 mace of protection
 C - a +2 long sword of flaming
Missiles
 d - 3 javelins
 l - 4 poisoned darts
 B - 2 throwing nets
Armour
 u - a +0 robe (worn)
Jewellery
 h - a +4 ring of protection (left hand)
Wands
 x - a wand of acid (1)
 D - a wand of digging (7)
 F - a wand of paralysis (11)
 J - a wand of charming (2)
 K - a wand of mindburst (5)
Scrolls
 c - 3 scrolls of noise {unknown}
 f - 2 scrolls of fear {unknown}
 k - 4 scrolls of enchant weapon
 m - a scroll of torment {unknown}
 n - 4 scrolls of enchant armour
 r - a scroll of fog {unknown}
 t - 3 scrolls of teleportation
 y - a scroll of magic mapping {unknown}
 A - a scroll of brand weapon {unknown}
 E - a scroll of blinking {unknown}
 G - a scroll of immolation {unknown}
 H - a scroll of acquirement {unknown}
 I - a scroll of amnesia {unknown}
Potions
 e - 2 potions of brilliance
 i - a potion of curing
 j - 5 potions of might
 o - 2 potions of flight
 q - a potion of resistance
 w - 2 potions of mutation
 z - 2 potions of ambrosia


   Skills:
 + Level 5.8 Fighting
 + Level 5.0 Polearms
 - Level 1.5 Dodging
 - Level 2.4 Stealth
 - Level 2.9 Unarmed Combat
 - Level 6.3 Spellcasting
 + Level 7.7 Summonings
 + Level 2.3 Air Magic
 + Level 2.3 Invocations
 + Level 4.7 Evocations


You had 11 spell levels left.
You knew the following spells:

 Your Spells              Type           Power      Damage    Failure   Level
a - Call Imp              Summ           41%        N/A       1%          2
b - Call Canine Familiar  Summ           41%        N/A       1%          3
c - Summon Lightning Spi  Summ/Air       29%        N/A       11%         4
d - Summon Small Mammal   Summ           100%       N/A       1%          1

Your spell library contained the following spells:

 Spells                   Type           Power      Damage    Failure   Level
 Summon Guardian Golem    Hex/Summ       24%        N/A       5%          3
 Confusing Touch          Hex            7%         N/A       26%         3
 Yara's Violent Unravell  Hex/Tmut       3%         3d4       94%         5
 Enfeeble                 Hex            3%         N/A       100%        7


Dungeon Overview and Level Annotations

Branches:
Dungeon (9/15)             Temple (1/1) D:7
   Lair: D:8-11         Orc: D:9-12

Altars:
Cheibriados
Dithmenos
Elyvilon
Fedhas
Gozag
Hepliaklqana
Nemelex Xobeh
Qazlal
Sif Muna
Trog
Vehumet
Wu Jian
Xom
Yredelemnul
The Shining One

Shops:
D:8 (?:

Annotations:
D:9 1 runed translucent door


Innate Abilities, Weirdness & Mutations

You have razor-sharp teeth.
Your natural rate of healing is unusually fast.
When hurt, damage is shared between your health and your magic reserves.
Your bite disrupts and absorbs the magic of your enemies.
Potions cannot restore your health.


Message History

Your wolf bites the centaur warrior but does no damage.
The centaur warrior hits you with a +0 falchion!
The centaur warrior kicks you but does no damage.
Your wolf bites the centaur warrior.
The kobold hits your wolf but does no damage.
Your magical contamination has completely faded away.
Things that are here:
a +0 dagger; 8 poisoned darts; a kobold corpse You hit the centaur warrior but do no damage.
The centaur warrior is poisoned.
You bite the centaur warrior! You drain its power.
You feel invigorated.
The centaur warrior is heavily wounded.
You feel sick.
The centaur warrior hits you with a +0 falchion.
The centaur warrior barely misses you.
Your wolf barely misses the centaur warrior.
The kobold misses your wolf.
The centaur warrior drinks a potion.
The centaur warrior is healed!
Your wolf bites the centaur warrior.
You hit the centaur warrior but do no damage.
The centaur warrior looks as sick as possible!
You bite the centaur warrior, but do no damage.
The centaur warrior is moderately wounded.
Your wolf bites the centaur warrior.
The centaur warrior hits you with a +0 falchion!
* * * LOW HITPOINT WARNING * * *
The centaur warrior kicks you.
The kobold unwields a +0 dagger.
The kobold wields a +3 hand crossbow.
The kobold shoots a bolt.
The bolt barely misses your wolf. The bolt hits you!
* * * LOW HITPOINT WARNING * * *
Okay, then.
As you read the scroll of summoning, it crumbles to dust.
Wisps of shadow whirl around you...
You feel sick.
Your wolf bites the kobold!
The kobold dies!
Cheibriados thoroughly appreciates the change of pace.
The centaur warrior hits you with a +0 falchion!
* * * LOW HITPOINT WARNING * * *
The centaur warrior kicks you but does no damage.
Your wolf bites the centaur warrior.
The centaur warrior hits you with a +0 falchion!
You die...

##..#........##'##..#..#..#... #.
....#........#...#..####..##...#.
....#........#...'.............#.
....#........#...#............>..
....#........#...#...............
.#..#........#####...............
.#..#........#yyyK).#..#...######
.#..#........#o.hcK.#..#....c +.
.#..#........#8y@#Z.#..# .... #.
.#..#........#ooy#..#### ########
.#..#........#ooZ#.KK. ........
.#..#........#####K.... ........
.#..#....)...# KKK...# ........
.#..#........# #.K...# ........
.#..#........# ###.....# ########
.#'##........#...# #...#..
.#..#........#...# #...#..


You could see a centaur warrior (extremely poisoned, ally target), 2 kobolds, a
friendly wolf (summoned), a friendly lightning spire (summoned), 5 friendly
killer bees, a friendly orc priest (summoned), a friendly orc wizard (summoned,
wandering), 3 friendly orcs and a friendly killer bee zombie (summoned).

Vanquished Creatures
  Prince Ribbit (D:5)
  A yak (D:9)
  2 orc warriors
  A sky beast (D:6)
  2 necrophages
  A phantom (D:5)
  A bullfrog (D:8)
  2 kobold brigands
  2 scorpions
  A water moccasin skeleton (D:4)
  A centaur zombie (D:9)
  A jelly (D:6)
  A hound (D:6)
  An orc priest (D:5)
  3 orc wizards
  A howler monkey zombie (D:9)
  2 adders
  3 gnolls
  A white imp (D:8)
  3 ufetubi
  A dart slug (D:3)
  12 orcs
  2 bats (D:3)
  6 endoplasms
  A giant cockroach (D:2)
  2 goblins (D:2)
  5 hobgoblins
  2 jackals (D:3)
  5 kobolds
  4 quokkas
  4 ball pythons
  2 rats
77 creatures vanquished.

Vanquished Creatures (collateral kills)
  Harold (D:7)
  Erolcha (D:9)
  A vampire (D:8)
  Edmund (D:5)
  2 water moccasins
  A black bear (D:5)
  An ogre (D:7)
  A kobold brigand (D:9)
  A howler monkey (D:9)
  2 hounds
  2 orc priests (D:5)
  2 gnoll shamans
  2 orc wizards (D:4)
  A human skeleton (D:9)
  An adder (D:2)
  6 gnolls
  A white imp (D:8)
  2 worms (D:3)
  10 orcs
  2 endoplasms (D:2)
  2 giant cockroaches
  4 hobgoblins
  11 kobolds
  A quokka (D:4)
  3 ball pythons
  2 bats
  2 rats
66 creatures vanquished.

Grand Total: 143 creatures vanquished

Notes
Turn   | Place    | Note
-------+----------+-------------------------------------------
     0 | D:1      | Zeldest the Vine Stalker Summoner began the quest for the
                  | Orb.
     0 | D:1      | Reached XP level 1. HP: 9/9 MP: 4/4
    97 | D:1      | Reached XP level 2. HP: 2/14 MP: 3/6
   187 | D:1      | Reached skill level 1 in Unarmed Combat
   228 | D:2      | Found a faded altar of an unknown god.
   240 | D:2      | Reached XP level 3. HP: 6/17 MP: 7/7
   255 | D:2      | Reached skill level 1 in Fighting
   539 | D:2      | Learned a level 2 spell: Call Imp
   543 | D:2      | Learned a level 3 spell: Call Canine Familiar
   580 | D:3      | Gained mutation: Your natural rate of healing is unusually
                  | fast. [Vine Stalker growth]
   580 | D:3      | Reached XP level 4. HP: 14/22 MP: 1/9
   751 | D:3      | Found a bloodstained altar of Trog.
   844 | D:3      | Found a sparkling altar of Nemelex Xobeh.
   931 | D:3      | Found a blossoming altar of Fedhas.
   958 | D:3      | Reached XP level 5. HP: 25/26 MP: 8/10
   968 | D:3      | Found an ornate altar of the Wu Jian Council.
  1170 | D:4      | Found an opulent altar of Gozag.
  1229 | D:4      | Found a glowing golden altar of the Shining One.
  1277 | D:4      | Reached XP level 6. HP: 30/30 MP: 12/12
  1297 | D:4      | Reached skill level 5 in Summonings
  1522 | D:5      | Entered Level 5 of the Dungeon
  1557 | D:5      | Reached XP level 7. HP: 31/35 MP: 9/14
  1593 | D:5      | Reached skill level 1 in Polearms
  1765 | D:6      | Reached skill level 1 in Evocations
  1989 | D:6      | Gained mutation: You have razor-sharp teeth. [Vine Stalker
                  | growth]
  1989 | D:6      | Reached XP level 8. HP: 41/41 MP: 16/16
  2035 | D:5      | Noticed Edmund
  2128 | D:5      | Noticed Prince Ribbit
  2139 | D:5      | Killed Prince Ribbit
  2140 | D:5      | Reached skill level 5 in Spellcasting
  2140 | D:5      | Reached skill level 6 in Summonings
  2145 | D:5      | Killed Edmund
  2418 | D:7      | Found a staircase to the Ecumenical Temple.
  2427 | Temple   | Entered the Ecumenical Temple
  2456 | Temple   | Became a worshipper of Cheibriados the Contemplative
  2623 | D:7      | Noticed Harold
  2660 | D:7      | Killed Harold
  2661 | D:7      | Reached XP level 9. HP: 5/46 MP: 0/18
  2939 | D:8      | Reached skill level 5 in Fighting
  2941 | D:8      | Reached skill level 7 in Summonings
  3023 | D:8      | Found Qasinepeu's Magic Scroll Emporium.
  3063 | D:8      | Bought a scroll of teleportation for 33 gold pieces
  3063 | D:8      | Bought a scroll of enchant weapon for 82 gold pieces
  3112 | D:8      | Found Husoann's Book Emporium.
  3180 | D:8      | Found Xaunyxzimuf's Antique Weapon Shop.
  3228 | D:8      | Found a hazy altar of Hepliaklqana.
  3301 | D:8      | Noticed a deep elf pyromancer
  3301 | D:8      | Noticed a boulder beetle
  3360 | D:9      | Found a runed translucent door.
  3364 | D:9      | Found a basalt altar of Yredelemnul.
  3378 | D:9      | Reached * piety under Cheibriados
  3458 | D:9      | Reached skill level 1 in Air Magic
  3473 | D:9      | Reached skill level 1 in Invocations
  3672 | D:9      | Learned a level 4 spell: Summon Lightning Spire
  3673 | D:9      | Noticed Erolcha
  3681 | D:9      | Killed Erolcha
  3682 | D:9      | Reached XP level 10. HP: 29/53 MP: 7/20
  3848 | D:9      | Noticed a centaur warrior
  3863 | D:9      | Reached skill level 5 in Polearms
  3867 | D:9      | Slain by a centaur warrior

Illustrated notes

Levels and vault maps discovered:
D:1:      minmay_arrival_stair_chambers, layout_loops_ring
D:2:      layout_rooms, hellmonk_ecumenical_altar_arch_garden
D:3:      layout_loops_ring, nemelex_dance_club_becter, lightli_temple_of_fire,
          mainiacjoe_overflow_paths, mainiacjoe_overflow_boulevard,
          minmay_starry_boxes
D:4:      layout_loops_ring, nicolae_overflow_squiral, lemuel_round_altar
D:5:      layout_basic, mainiacjoe_overflow_tiny_flanked,
          amcnicky_mini_rare_corridor_liquid, grunt_ministairs_10, uniq_edmund,
          uniq_prince_ribbit1
D:6:      layout_loops_ring
D:7:      layout_basic, minmay_temple_entry_mist, uniq_harold
D:8:      layout_cave_pools, old_standard_altar, serial_shops,
          nicolae_shop_hallway_plus, shop, shop, nicolae_shop_waterfront, shop,
          lightli_corner_chamber, uniq_maurice
D:9:      layout_grid_maze, dk_yredelemnul_ordeal, david_lair_shrubbed,
          minmay_the_grid_2x2 [minmay_the_grid_plusring,
          minmay_the_grid_minigrid_large, minmay_the_grid_broken_lines,
          minmay_the_grid_prize_big_room], uniq_erolcha
Temple:   jpeg_temple_island

Skill      XL: |  1  2  3  4  5  6  7  8  9 10 |
---------------+-------------------------------+-----
Unarmed Combat | 1 2 |  2.9
Fighting       | 1 2 3 4 5 |  5.8
Spellcasting   | 3 4 5 6 |  6.3
Summonings     | 5 6 7 |  7.7
Polearms       | 2 3 4 5 |  5.0
Evocations     | 1 3 4 |  4.7
Air Magic      | 2 |  2.3
Invocations    | 2 |  2.3
Dodging        | |  1.5
Stealth        | |  2.4

Action                   |  1- 3 |  4- 6 |  7- 9 | 10-12 || total
-------------------------+-------+-------+-------+-------++-------
Melee: Whip              |    66 |     3 |       |       ||    69
       Unarmed           |     4 |    61 |       |       ||    65
       Bite              |    20 |    33 |    44 |     2 ||    99
       Punch             |       |     4 |     2 |       ||     6
       Dagger            |       |    36 |   135 |     4 ||   175
       Mace              |       |     4 |       |       ||     4
 Cast: Summon Small Mamm |    24 |       |     1 |       ||    25
       Call Imp          |     2 |     9 |    24 |     1 ||    36
       Call Canine Famil |     2 |     6 |    20 |     1 ||    29
       Summon Lightning  |       |       |     1 |     1 ||     2
Evoke: Wand              |       |       |     5 |       ||     5
  Use: Scroll            |       |     2 |     8 |     2 ||    12
       Potion            |       |       |     2 |       ||     2
 Stab: Sleeping          |     2 |     2 |     5 |       ||     9
       Distracted        |     2 |     3 |     2 |     1 ||     8
Armor: Robe              |    25 |    33 |    38 |     2 ||    98
       Skin              |       |       |     5 |       ||     5
Dodge: Dodged            |    46 |    52 |    70 |     3 ||   171

Table legend: (Time is in decaauts)
 A = Elapsed time spent in this place.
 B = Non-inter-level travel time spent in this place.
 C = Inter-level travel time spent in this place.
 D = Time resting spent in this place.
 E = Time spent auto-exploring this place.
 F = Levels seen in this place.
 G = Mean time per level.
                   A        B        C        D        E       F      G
               +--------+--------+--------+--------+--------+-----+--------+
         Total |   4277 |   3929 |    348 |      5 |      1 |  10 |  427.7 |
       Dungeon |   4213 |   3878 |    335 |      5 |      1 |   9 |  468.1 |
        Temple |     64 |     52 |     12 |      0 |      0 |   1 |   64.0 |
               +--------+--------+--------+--------+--------+-----+--------+

Top non-repeatable levels by time:
     D:9: 710 daAuts
     D:8: 555 daAuts
     D:7: 541 daAuts
     D:5: 518 daAuts
     D:4: 514 daAuts
     D:3: 463 daAuts
     D:6: 334 daAuts
     D:1: 309 daAuts
     D:2: 265 daAuts
  Temple: 64 daAuts
